AoeStats
← 阿多卡獵陶

Black Forest

508399785Analyzed
4v4 RM · 10d ago on Sep 22, 2026· 45m 6s· 8 players
Game mode
Random Map
Map size
Large (8 player)
Population
200
Speed
Normal
Resources
Standard
Victory
Conquest
Starting age
Dark Age
Ending age
Imperial Age
RankedLock teamsTeams togetherTeam positionsShared explorationLock speedFull tech treeHidden civsTurbo modeCheats
Victory
Defeat
🇯🇵 Ethiopians · Japan
1061
+13
🇭🇰 Saracens · Hong Kong SAR China
1054
+13
🇨🇳 Mongols · China
1048
+13
🇨🇳 Persians · China
987
+16
🇹🇼 Teutons · Taiwan
1076
-16
🇵🇱 Poles · Poland
1062
-17
🇮🇱 Gurjaras · Israel
917
-11
🇮🇳 Bohemians · India
916
-11
XTB.眠笛
4:10 Loom
10:25 Feudal Age
14:27 Castle Age
12:41 Double-Bit Axe
13:25 Horse Collar
15:08 Bow Saw
16:35 Heavy Plow
20:35 Town Watch
21:03 Gold Mining
22:49 Wheelbarrow
23:23 Fervor
23:28 Caravan
23:59 Coinage
23:43 Stone Mining
24:28 Forging
25:18 Gold Shaft Mining
25:38 Hand Cart
26:08 Town Patrol
28:46 Iron Casting
28:17 Scale Barding Armor
32:09 Imperial Age
29:54 Husbandry
30:04 Bloodlines
30:18 Ballistics
30:09 Masonry
29:54 Murder Holes
30:33 Chain Barding Armor
31:16 Kamandaran
32:02 Fletching
32:13 Padded Archer Armor
31:37 Light Cavalry
32:57 Conscription
33:12 Hoardings
33:46 Two-Man Saw
33:20 Crop Rotation
33:25 Banking
33:05 Guilds
33:30 Banking
33:53 Architecture
33:53 Guilds
36:32 Stone Shaft Mining
37:27 Blast Furnace
37:03 Plate Barding Armor
36:55 Elite War Elephant
37:46 Citadels
41:15 Chemistry
41:43 Bodkin Arrow
KJI
1:01 Loom
1:19 Loom
12:37 Feudal Age
13:42 Double-Bit Axe
16:53 Gold Mining
21:01 Castle Age
19:33 Fletching
21:01 Padded Archer Armor
21:28 Fishing Lines
21:16 Crossbowman
22:41 Bow Saw
24:45 Wheelbarrow
27:01 Bodkin Arrow
27:22 Leather Archer Armor
27:15 Horse Collar
34:23 Imperial Age
31:56 Stone Mining
32:49 Thumb Ring
33:33 Gold Shaft Mining
33:21 Town Watch
33:52 Hand Cart
33:50 Heavy Plow
33:56 Gillnets
34:46 Arbalester
36:02 Conscription
38:58 Bracer
39:13 Leather Archer Armor
40:07 Halberdier
42:00 Ballistics
43:02 Chemistry
43:10 Ring Archer Armor
42:41 Scale Mail Armor
abbnn
0:28 Loom
12:19 Feudal Age
13:35 Wheelbarrow
12:48 Double-Bit Axe
19:15 Castle Age
17:47 Stone Mining
20:10 Hand Cart
20:09 Bow Saw
20:40 Gold Mining
29:55 Scale Barding Armor
30:01 Forging
34:32 Imperial Age
32:51 Bimaristan
33:33 Gold Shaft Mining
34:28 Chain Barding Armor
35:09 Iron Casting
35:27 Town Watch
36:19 Plate Barding Armor
36:56 Chemistry
36:39 Conscription
37:36 Blast Furnace
36:59 Ballistics
36:15 Elite Mameluke
39:00 Sanctity
41:51 Two-Man Saw
42:33 Redemption
42:36 Fervor
老朱
0:29 Loom
11:06 Feudal Age
14:26 Double-Bit Axe
14:25 Horse Collar
18:10 Castle Age
16:30 Stone Mining
19:35 Bow Saw
19:50 Heavy Plow
24:23 Wheelbarrow
23:59 Fishing Lines
25:29 Hand Cart
25:51 Hand Cart
28:04 Gold Mining
31:32 Imperial Age
30:05 Stone Shaft Mining
30:21 Gold Shaft Mining
30:02 Fletching
30:18 Padded Archer Armor
31:08 Bodkin Arrow
31:24 Forging
31:20 Scale Barding Armor
32:00 Leather Archer Armor
33:14 Chemistry
32:36 Ballistics
32:43 Bracer
32:50 Thumb Ring
33:18 Conscription
33:54 Iron Casting
33:41 Elite Mangudai
35:25 Conscription
36:37 Parthian Tactics
36:16 Scale Mail Armor
36:38 Chain Barding Armor
36:21 Husbandry
36:32 Bloodlines
36:33 Siege Engineers
35:58 Light Cavalry
37:53 Hussar
39:55 Blast Furnace
39:55 Masonry
vinsin4105
0:47 Loom
13:08 Feudal Age
19:18 Castle Age
17:38 Double-Bit Axe
18:59 Fletching
19:26 Horse Collar
21:39 Wheelbarrow
23:38 Bow Saw
23:47 Heavy Plow
24:08 Bodkin Arrow
26:52 Chemistry
30:47 Imperial Age
29:22 Ballistics
30:08 Hand Cart
29:42 Town Watch
30:22 Padded Archer Armor
31:09 Wagenburg Tactics
31:25 Leather Archer Armor
32:12 Town Patrol
32:25 Pikeman
33:05 Squires
33:54 Scale Mail Armor
34:05 Forging
34:46 Halberdier
35:12 Arson
35:45 Chain Mail Armor
35:30 Bracer
36:06 Iron Casting
36:28 Masonry
36:15 Murder Holes
38:03 Plate Mail Armor
38:21 Architecture
39:19 Fortified Wall
40:20 Blast Furnace
40:28 Siege Engineers
43:38 Ring Archer Armor
Athegamer
1:47 Loom
10:47 Feudal Age
11:33 Double-Bit Axe
19:33 Castle Age
18:29 Horse Collar
20:48 Caravan
22:55 Bow Saw
25:49 Forging
25:52 Scale Barding Armor
27:31 Husbandry
33:51 Imperial Age
33:18 Heavy Plow
34:38 Wheelbarrow
34:20 Scale Mail Armor
34:36 Forging
34:54 Kshatriyas
35:09 Conscription
34:41 Town Watch
35:41 Scale Mail Armor
35:19 Man-at-Arms
36:39 Chain Mail Armor
36:39 Long Swordsman
37:51 Plate Mail Armor
38:16 Two-Handed Swordsman
39:40 Iron Casting
39:59 Crop Rotation
40:57 Ballistics
41:38 Chemistry
42:38 Fletching
阿多卡獵陶
8:39 Loom
11:40 Feudal Age
15:38 Castle Age
13:32 Double-Bit Axe
13:57 Horse Collar
14:01 Fishing Lines
16:37 Bow Saw
16:30 Heavy Plow
24:52 Wheelbarrow
24:12 Gillnets
27:55 Hand Cart
28:38 Scale Barding Armor
28:44 Forging
31:19 Imperial Age
30:17 Gold Mining
30:22 Stone Mining
31:28 Chain Barding Armor
31:44 Iron Casting
31:14 Caravan
31:45 Coinage
32:02 Stone Shaft Mining
31:39 Fortified Wall
31:40 Masonry
31:37 Town Watch
33:06 Two-Man Saw
32:25 Bloodlines
31:37 Cavalier
32:57 Plate Barding Armor
32:45 Conscription
33:00 Crop Rotation
34:56 Blast Furnace
33:59 Devotion
33:54 Paladin
35:46 Banking
35:31 Guilds
35:53 Onager
39:35 Siege Onager
43:48 Ballistics
44:29 Chemistry
43:35 Siege Engineers
giancarlo7
10:43 Feudal Age
12:00 Wheelbarrow
11:07 Horse Collar
11:16 Double-Bit Axe
12:28 Man-at-Arms
13:55 Scale Mail Armor
14:07 Forging
20:16 Castle Age
18:56 Stone Mining
19:23 Scale Barding Armor
19:20 Gold Mining
21:11 Bow Saw
21:50 Husbandry
22:42 Hand Cart
22:36 Long Swordsman
24:49 Szlachta Privileges
32:30 Imperial Age
30:59 Chain Barding Armor
31:49 Chain Mail Armor
32:24 Iron Casting
33:33 Conscription
33:14 Cavalier
38:37 Blast Furnace
39:03 Plate Mail Armor
42:07 Onager
42:12 Light Cavalry
43:05 Bloodlines
Connection lost

Rejoining the realm…

Still unreachable

The connection could not be restored.

Session expired

The server has moved on; the page needs a fresh start.